Map: Pillars of Gold LE

Players

Probe

  • Race: Protoss Protoss
  • Spawn Location: 1:00

TeebuL - Winner!

  • Race: Protoss Protoss
  • Spawn Location: 7:00

Event: DreamHack SC2 Masters 2020 Winter

VOD

Have the link to the VOD?

Description

Time

  • Played on: Oct. 22, 2020, 6:48 a.m.
  • Length: 9:47

All games in this series

Show
View Real Time Build Order
Export as new Build Order

Probe Protoss 

Build Orders: Phoenix Opening 

Get SALT Encoding   

  12  0:00  Probe  
  13  0:12  Probe  
  14  0:18  Pylon  
  14  0:24  Probe (Chrono Boost)  
  15  0:36  Probe (Chrono Boost)  
  15  0:40  Gateway  
  16  0:45  Probe (Chrono Boost)  
  16  0:47  Assimilator  
  17  0:51  Probe  
  18  0:59  Assimilator  
  18  1:03  Probe (Chrono Boost)  
  19  1:10  Gateway  
  19  1:13  Probe (Chrono Boost)  
  20  1:19  Probe  
  21  1:28  Cybernetics Core  
  21  1:31  Probe  
  22  1:37  Pylon  
  22  1:43  Probe  
  23  1:55  Probe  
  24  2:04  Adept  
  24  2:05  Warp Gate, Adept  
  24  2:07  Probe  
  29  2:14  Pylon  
  29  2:20  Probe  
  30  2:35  Sentry x2  
  34  2:45  Nexus  
  33  3:01  Shield Battery, Sentry  
  33  3:03  Sentry  
  37  3:08  Pylon  
  37  3:09  Phoenix, Probe  
  38  3:27  Probe  
  38  3:33  Twilight Council  
  39  3:39  Probe  
  40  3:41  Shield Battery  
  40  3:52  Stalker, Probe (Chrono Boost)  
  40  3:53  Stalker  
  40  3:54  Phoenix  
  45  3:59  Probe (Chrono Boost)  
  47  4:04  Probe (Chrono Boost)  
  47  4:08  Probe (Chrono Boost)  
  47  4:09  Blink (Chrono Boost)  
  48  4:10  Probe (Chrono Boost)  
  48  4:13  Probe (Chrono Boost)  
  50  4:19  Probe  
  51  4:25  Forge, Probe  
  51  4:31  Probe  
  53  4:37  Probe  
  54  4:43  Probe  
  54  4:44  Stalker x2  
  59  4:49  Probe  
  56  4:55  Probe (Chrono Boost)  
  57  5:02  Phoenix  
  57  5:06  Probe (Chrono Boost)  
  58  5:07  Probe (Chrono Boost)  
  59  5:15  Probe (Chrono Boost)  
  59  5:16  Probe (Chrono Boost)  
  60  5:21  Probe  
  60  5:26  Assimilator  
  62  5:37  Pylon  
  62  5:39  Phoenix, Nexus  
  61  5:47  Protoss Ground Weapons Level 1 (Chrono Boost)  
  62  5:51  Pylon  
  62  5:55  Probe  
  63  6:03  Gateway  
  62  6:04  Gateway  
  62  6:07  Charge (Chrono Boost)  
  62  6:09  Gateway  
  62  6:18  Stalker x2  
  66  6:21  Phoenix  
  66  6:25  Gateway  
  66  6:28  Robotics Facility  
  66  6:43  Probe x2  
  66  6:46  Shield Battery  
  68  6:47  Shield Battery  
  68  6:52  Gateway  
  68  6:56  Gateway  
  68  7:00  Stalker x2  
  72  7:06  Stalker  
  69  7:17  Observer (Chrono Boost)  
  69  7:18  Stalker x2  
  73  7:25  Stalker  
  71  7:30  Stalker  
  73  7:43  Stalker x2, Observer  
  76  7:52  Stalker  
  74  8:08  Stalker x3  
  80  8:13  Photon Cannon  
  80  8:19  Stalker  
  82  8:21  Observer (Chrono Boost)  
  82  8:25  Stalker  
  85  8:34  Observer (Chrono Boost)  
Show
View Real Time Build Order
Export as new Build Order

TeebuL Protoss - Winner!

Build Orders:  

Get SALT Encoding   

  12  0:00  Probe  
  13  0:12  Probe  
  14  0:17  Pylon  
  14  0:26  Probe  
  15  0:38  Gateway, Probe (Chrono Boost)  
  16  0:49  Assimilator, Probe (Chrono Boost)  
  17  0:54  Probe (Chrono Boost)  
  18  0:57  Assimilator  
  18  1:05  Probe (Chrono Boost)  
  18  1:10  Gateway  
  19  1:17  Probe (Chrono Boost)  
  20  1:24  Probe (Chrono Boost)  
  21  1:27  Cybernetics Core  
  21  1:31  Probe  
  22  1:41  Pylon  
  22  1:43  Probe  
  23  2:00  Probe  
  24  2:04  Stalker, Warp Gate, Sentry  
  28  2:09  Pylon  
  28  2:13  Probe  
  29  2:30  Stalker  
  29  2:34  Stalker  
  29  2:37  Probe  
  33  2:59  Nexus  
  33  3:06  Shield Battery  
  33  3:09  Probe  
  34  3:16  Stalker, Sentry  
  38  3:23  Probe  
  39  3:35  Pylon  
  39  3:37  Twilight Council  
  39  3:53  Probe (Chrono Boost)  
  40  3:57  Adept x2  
  44  4:04  Forge  
  44  4:05  Probe (Chrono Boost)  
  45  4:10  Probe (Chrono Boost)  
  45  4:11  Pylon  
  45  4:13  Probe (Chrono Boost)  
  47  4:19  Probe (Chrono Boost)  
  47  4:20  Blink (Chrono Boost)  
  48  4:25  Probe (Chrono Boost)  
  48  4:29  Protoss Ground Weapons Level 1 (Chrono Boost)  
  50  4:31  Probe (Chrono Boost)  
  50  4:36  Probe (Chrono Boost)  
  52  4:38  Probe (Chrono Boost)  
  52  4:40  Probe (Chrono Boost)  
  53  4:45  Probe  
  53  4:51  Probe  
  55  4:57  Probe  
  56  5:03  Probe  
  57  5:09  Probe  
  57  5:12  Pylon  
  56  5:15  Stalker x2, Probe  
  56  5:20  Dark Shrine  
  59  5:22  Probe  
  59  5:25  Assimilator  
  59  5:27  Robotics Facility  
  60  5:29  Gateway  
  60  5:32  Gateway  
  60  5:40  Stalker x2  
  60  5:42  Probe  
  65  6:05  Nexus  
  65  6:07  Pylon  
  65  6:16  Observer  
  66  6:21  Probe  
  66  6:22  Probe  
  68  6:27  Gateway  
  68  6:29  Gateway  
  68  6:33  Dark Templar x3  
  68  6:36  Probe  
  68  6:39  Pylon  
  75  6:43  Probe  
  75  6:45  Assimilator, Stalker  
  75  6:46  Shield Battery  
  78  6:53  Protoss Ground Weapons Level 2 (Chrono Boost)  
  78  6:54  Pylon  
  78  7:01  Probe  
  79  7:02  Probe  
  80  7:23  Stalker x5  
  80  7:25  Probe  
  91  7:31  Probe  
  91  7:33  Probe  
  91  7:34  Immortal  
  91  7:37  Charge (Chrono Boost), Probe  
  94  7:47  Photon Cannon  
  94  7:48  Shield Battery  
  94  7:49  Observer  
  94  7:53  Stalker x2  
  98  7:59  Photon Cannon  
  98  8:00  Pylon  
  98  8:02  Shield Battery  
  98  8:05  Dark Templar  
  98  8:12  Zealot x3  
  100  8:16  Gateway  
  104  8:23  Zealot x2  
  108  8:27  Gateway  
Tags
 
Add a new tag
Caveats
  • Supply blocks, unpowered buildings, or Contaminate may cause inaccurate times.
  • Supply counts are checked every 10 seconds.